 Dungeon Crawl Stone Soup version 0.17.0-28-g6e173f8 (webtiles) character file.

214 Ijustatesigmund the Magician (level 5, 0/28 HPs)
             Began as a Deep Elf Wizard on Dec 3, 2015.
             Slain by a hippogriff (7 damage)
             ... on level 5 of the Dungeon.
             The game lasted 00:11:55 (3220 turns).

Ijustatesigmund the Magician (Deep Elf Wizard)      Turns: 3220, Time: 00:11:57

Health: 0/28       AC:  3    Str:  4    XL:     5   Next: 60%
Magic:  1/14       EV: 14    Int: 24    God:
Gold:   211        SH:  0    Dex: 13    Spells: 6 memorised, 1 level left

rFire  . . .     SeeInvis .     l - +3 dagger
rCold  . . .     Clarity  .     a - +1 robe
rNeg   . . .     SustAt   .     (no shield)
rPois  .         Gourm    .     b - +0 hat
rElec  .         Spirit   .     (no cloak)
rCorr  .         Warding  .     (no gloves)
rMut   .         Stasis   .     (no boots)
MR     .....                    (no amulet)
Stlth  ++........               (no ring)
                                (no ring)

@: repel missiles, not resistant to hostile enchantments, unstealthy
A: no striking features
a: no special abilities


You were on level 5 of the Dungeon.
You were not hungry.

You visited 1 branch of the dungeon, and saw 5 of its levels.

You collected 211 gold pieces.

Inventory:

Hand Weapons
 l - a +3 dagger (weapon)
Armour
 a - a +1 robe (worn)
 b - a +0 hat (worn)
 j - a +0 buckler
Scrolls
 o - 2 scrolls of recharging
 t - a scroll of remove curse
Potions
 g - a potion of resistance
 h - a potion of magic {unknown}
 k - a potion of heal wounds
 m - a potion of degeneration {unknown}
 p - a potion of flight {unknown}
 q - a potion of curing
 s - a potion of might {unknown}
 u - a potion of poison {unknown}
Books
 c - a book of Minor Magic

   Spells                             Type                      Level
   a - Magic Dart                     Conjuration                  1
   b - Blink                          Translocation                2
   c - Call Imp                       Summoning                    2
   d - Repel Missiles                 Charms/Air                   2
   e - Slow                           Hexes                        2
   f - Conjure Flame                  Conjuration/Fire             3
   g - Mephitic Cloud                 Conjuration/Poison/Air       3
Comestibles
 d - 3 bread rations
 f - a beef jerky
 i - 2 meat rations


   Skills:
 + Level 0.8 Fighting
 - Level 4.2 Dodging
 - Level 2.4 Stealth
 + Level 5.1 Spellcasting
 + Level 3.8 Conjurations
 - Level 1.1 Summonings
 - Level 1.1 Translocations
 - Level 1.0 Air Magic
 - Level 1.3 Poison Magic


You had one spell level left.
You knew the following spells:

 Your Spells              Type           Power        Failure   Level  Hunger
a - Magic Dart            Conj           ###.         1%          1    None
b - Blink                 Tloc           N/A          12%         2    None
c - Repel Missiles        Chrm/Air       #.....       12%         2    None
d - Mephitic Cloud        Conj/Pois/Air  ###.....     14%         3    ##.....
e - Conjure Flame         Conj/Fire      ###.....     14%         3    ##.....
f - Call Imp              Summ           ##......     12%         2    None


Dungeon Overview and Level Annotations

Branches:
Dungeon (5/15)
 Temple: D:4-7

Altars:
Trog

Shops:
D:4 [(

Annotations:
D:4 Grinder


Message History

Drink which item? (? for menu, Esc to quit)
You feel much better. The hippogriff barely misses you.
The hippogriff pecks you. The hippogriff claws you.
Read which item? (? for menu, Esc to quit)
Okay, then.
Drink which item? (? for menu, Esc to quit)
Okay, then.
Casting: Magic Dart
Confirm with . or Enter, or press ? or * to list all spells.
A beastly little devil appears in a puff of flame.
The hippogriff misses you. x2
The hippogriff claws you.
Your crimson imp hits the hippogriff.
You hit the hippogriff.
The hippogriff is heavily wounded.
The hippogriff bites you but does no damage.
The hippogriff pecks you!
* * * LOW HITPOINT WARNING * * *
The hippogriff claws you!
You die...

..).......'.#
#####.....#######
....##..[.....#
###.##........#
#.##........#
#.###.####### .
#.# .. #.# ...
#@# ... #H# ..
###5########
#.#..........#
#.†..........#
#..#..........#
#... #.........[#
...# #..........#
## #..........#


You could see a hippogriff and a friendly crimson imp.

Vanquished Creatures
  A hound (D:5)
  A jelly (D:5)
  Jessica (D:3)
  7 adders
  An ooze (D:2)
  An adder skeleton (D:4)
  2 worms
  3 giant geckos (D:2)
  An orc (D:3)
  2 ball pythons
  2 bats
  A giant cockroach (D:1)
  3 hobgoblins
  8 kobolds
  5 giant newts
  8 goblins
  4 quokkas
  7 rats
  A plant (D:1)
59 creatures vanquished.

Vanquished Creatures (others)
  A wizard (D:3)
1 creature vanquished.

Grand Total: 60 creatures vanquished

Notes
Turn   | Place    | Note
--------------------------------------------------------------
     0 | D:1      | Ijustatesigmund the Deep Elf Wizard began the quest for the Orb.
     0 | D:1      | Reached XP level 1. HP: 10/10 MP: 7/7
   387 | D:1      | Reached XP level 2. HP: 15/15 MP: 7/9
   391 | D:1      | Learned a level 2 spell: Blink
   394 | D:1      | Learned a level 2 spell: Repel Missiles
  1236 | D:2      | Reached XP level 3. HP: 19/19 MP: 7/10
  1261 | D:2      | Learned a level 3 spell: Mephitic Cloud
  1874 | D:3      | Reached XP level 4. HP: 24/24 MP: 3/12
  1879 | D:3      | Learned a level 3 spell: Conjure Flame
  2136 | D:3      | Noticed Jessica
  2140 | D:3      | Killed Jessica
  2201 | D:3      | Found a bloodstained altar of Trog.
  2204 | D:3      | Noticed a wizard
  2209 | D:3      | Killed a wizard
  2282 | D:3      | Reached skill level 1 in Air Magic
  2282 | D:3      | Reached skill level 1 in Poison Magic
  2806 | D:4      | Found Coezoriv's Armour Shop.
  2993 | D:4      | Found Mefop's Weapon Shoppe.
  3045 | D:4      | Reached XP level 5. HP: 28/28 MP: 9/14
  3069 | D:4      | Noticed Grinder
  3124 | D:5      | Entered Level 5 of the Dungeon
  3134 | D:5      | Learned a level 2 spell: Call Imp
  3158 | D:5      | Reached skill level 5 in Spellcasting
  3204 | D:5      | Noticed a hippogriff
  3220 | D:5      | Slain by a hippogriff

Action                   |  1- 3 |  4- 6 || total
-------------------------+-------+-------++-------
Melee: Hand axe          |    80 |       ||    80
       Dagger            |       |     3 ||     3
 Cast: Magic Dart        |    80 |    69 ||   149
       Repel Missiles    |     1 |       ||     1
       Call Imp          |       |     1 ||     1
  Use: Scroll            |     5 |     5 ||    10
       Potion            |       |     1 ||     1
  Eat: Chunk             |     3 |     3 ||     6
       Fruit             |       |     1 ||     1
